 Dungeon Crawl Stone Soup version 0.30-a0-867-g305f33218d (webtiles) character file.

Game seed: 13825070689117280811

146223 cforsyth the Spry (level 16, -4/103 HPs)
             Began as a Deep Elf Earth Elementalist on Mar 10, 2023.
             Was a High Priest of Vehumet.
             Slain by an Executioner (20 damage)
             ... summoned by Asterion
             ... on level 3 of the Snake Pit on Mar 11, 2023.
             The game lasted 01:40:35 (42994 turns).

cforsyth the Spry (Deep Elf Earth Elementalist)    Turns: 42994, Time: 01:40:36

Health: -4/103     AC: 21    Str:  5    XL:     16   Next: 89%
Magic:  7/39       EV: 19    Int: 35    God:    Vehumet [*****.]
Gold:   1938       SH: 16    Dex: 19    Spells: 19/49 levels left

rFire   + . .      SeeInvis +    i - +9 staff of Olgreb {rPois∞}
rCold   + + .      Faith    .    Z - +1 tower shield {reflect}
rNeg    . . .      Spirit   .    a - +3 leather armour {Will+}
rPois   ∞          Reflect  +    F - +1 helmet {SInv}
rElec   .          Rampage  .    Q - scarf {rC+ rF+}
rCorr   .                        y - +2 pair of gloves {hurl}
Will    ++...                    G - +1 pair of boots {Fly}
Stlth   ++                       g - amulet of magic regeneration
HPRegen 0.37/turn                o - ring "Qoesukk" {Contam rC+ Int+6 Dex+4}
MPRegen 0.66/turn                Y - ring of the Tortoise {AC+8}

@: about to teleport, flying, studying Ice Magic
A: no striking features
a: Renounce Religion, Evoke the Staff of Olgreb


You were on level 3 of the Snake Pit.
You worshipped Vehumet.
Vehumet was extremely pleased with you.
You visited 5 branches of the dungeon, and saw 26 of its levels.
You also visited: Sewer, Bailey, Gauntlet and Ice Cave.

You collected 3264 gold pieces.
You spent 1326 gold pieces at shops.

Inventory:

Hand Weapons
 i - the +9 staff of Olgreb (weapon) {rPois∞}
   (You found it on level 9 of the Dungeon)

   It enhances your poison magic.
   It grants immunity to poison.
   It can be activated via the 'a'bility menu to radiate toxic energy, with
   effectiveness depending on Evocations skill.
 R - the +1 mace "Kitro" {pain, rCorr}
   (You found it on level 1 of the Lair of Beasts)

   rCorr:     It protects you from acid and corrosion.
Armour
 a - a +3 leather armour of willpower (worn)
 y - a +2 pair of gloves of hurling (worn)
 B - a +2 cloak of poison resistance
 F - a +1 helmet of see invisible (worn)
 G - a +1 pair of boots of flying (worn)
 Q - a scarf of resistance (worn)
 S - a +1 kite shield of cold resistance
 Z - a +1 tower shield of reflection (worn)
Jewellery
 g - an amulet of magic regeneration (around neck)
 o - the ring "Qoesukk" (left hand) {Contam rC+ Int+6 Dex+4}
   (You took it off a minotaur in a Gauntlet)

   [ring of intelligence]

   Int:       It affects your intelligence (+6).
   Dex:       It affects your dexterity (+4).
   rC:        It protects you from cold.
   Contam:    It causes magical contamination when unequipped.
 A - a ring of protection from cold
 D - a ring of resist corrosion
 I - a ring of wizardry
 K - a ring of see invisible
 V - the amulet of Gywnal Avam {Spirit rF++ Str+3 Int+2}
   (You found it in an ice cave)

   [amulet of guardian spirit]

   It causes incoming damage to be divided between your reserves of health and
   magic.
   Str:       It affects your strength (+3).
   Int:       It affects your intelligence (+2).
   rF:        It greatly protects you from fire.
 X - a ring of protection from cold
 Y - the ring of the Tortoise (right hand) {AC+8}
   (You found it on level 5 of the Lair of Beasts)

   [ring of protection]

   AC:        It affects your AC (+8).
Wands
 m - a wand of mindburst (39)
 p - a wand of flame (34)
 z - a wand of roots (36)
 C - a wand of charming (11)
 H - a wand of polymorph (9)
 J - a wand of digging (9)
 L - a wand of acid (14)
Scrolls
 c - 4 scrolls of blinking
 d - 7 scrolls of fear
 j - 5 scrolls of poison
 k - 6 scrolls of vulnerability
 l - 2 scrolls of butterflies
 s - a scroll of fog
 u - 6 scrolls of identify
 w - 4 scrolls of teleportation
 M - 3 scrolls of enchant armour
 O - a scroll of silence
 P - a scroll of torment
 T - 3 scrolls of amnesia
 W - 2 scrolls of magic mapping
Potions
 b - 3 potions of magic
 e - 11 potions of attraction
 f - 7 potions of heal wounds
 h - 8 potions of mutation
 n - 3 potions of resistance
 q - 20 potions of curing
 r - 2 potions of brilliance
 t - 8 potions of flight
 v - 9 potions of haste
 x - 4 potions of ambrosia
 E - 6 potions of lignification
 N - 2 potions of cancellation
 U - 2 potions of berserk rage


   Skills:
 - Level 12.8 Fighting
 - Level 17.9 Dodging
 - Level 2.4 Stealth
 + Level 6.2 Shields
 - Level 17.4 Spellcasting
 + Level 11.7 Conjurations
 - Level 4.0 Necromancy
 - Level 1.1 Transmutations
 - Level 15.0 Earth Magic


You had 19 spell levels left.
You knew the following spells:

 Your Spells              Type           Power      Damage    Failure   Level
a - Sandblast             Erth           100%       2d20      1%          1
b - Stone Arrow           Conj/Erth      100%       3d13      1%          3
c - Iron Shot             Conj/Erth      45%        9d9       3%          6
d - Lee's Rapid Deconstr  Erth           47%        3d22*     1%          5
e - Borgnjor's Vile Clut  Necr/Erth      38%        N/A       10%         5
f - Iskenderun's Battles  Conj           85%        2d13      1%          5
g - Yara's Violent Unrav  Hex/Tmut       17%        3d8       67%         5

Your spell library contained the following spells:

 Spells                   Type           Power      Damage    Failure   Level
 Passwall                 Tmut/Erth      60%        N/A       1%          2
 Static Discharge         Conj/Air       100%       2-7/arc   1%          2
 Flame Wave               Conj/Fire      64%        2d15      4%          4
 Sticky Flame             Conj/Fire      64%        2d8       4%          4
 Sublimation of Blood     Necr           55%        N/A       5%          2
 Petrify                  Tmut/Erth      72%        N/A       6%          4
 Scorch                   Fire           60%        2d8       7%          2
 Animate Armour           Summ/Erth      100%       N/A       9%          4
 Leda's Liquefaction      Hex/Erth       35%        N/A       9%          4
 Irradiate                Conj/Tmut      33%        3d22      10%         5
 Arcjolt                  Conj/Air       32%        1d42      12%         5
 Lightning Bolt           Conj/Air       32%        1d49      12%         5
 Ignite Poison            Fire/Tmut/Pois 49%        N/A       13%         3
 Inner Flame              Hex/Fire       30%        N/A       14%         3
 Ensorcelled Hibernation  Hex/Ice        60%        N/A       26%         2
 Animate Dead             Necr           55%        N/A       34%         4
 Ozocubu's Armour         Ice            30%        N/A       47%         3
 Swiftness                Air            30%        N/A       47%         3
 Vhi's Electric Charge    Tloc/Air       60%        N/A       47%         3
 Statue Form              Tmut/Erth      48%        N/A       69%         6
 Blade Hands              Tmut           19%        N/A       97%         5
 Alistair's Intoxication  Tmut/Pois      34%        N/A       99%         5
 Summon Forest            Summ/Tloc      15%        N/A       99%         5
 Death Channel            Necr           27%        N/A       99%         6
 Eringya's Noxious Bog    Tmut/Pois      25%        N/A       99%         6
 Summon Cactus Giant      Summ           15%        N/A       100%        6
 Ozocubu's Refrigeration  Ice            15%        4d10      100%        7
 Summon Hydra             Summ           15%        N/A       100%        7
 Ignition                 Fire           15%        3d6       100%        8
 Shatter                  Erth           47%        3d36*     100%        9


Dungeon Overview and Level Annotations

Branches:
Dungeon (15/15)            Temple (1/1) D:7            Lair (5/5) D:10
  Swamp (0/4) Lair:3        Snake (3/4) Lair:3        Slime (0/5) Lair:5
    Orc (2/2) D:9             Elf (0/3) Orc:2        Vaults (0/5) D:13
 Depths (0/4) D:15          Sewer (visited)          Bailey (visited)
  IceCv (visited)         Gauntlet (visited)

Altars:
Ashenzari
Cheibriados
Dithmenos
Elyvilon
Fedhas
Gozag
Hepliaklqana
Makhleb
Qazlal
Ru
Sif Muna
Vehumet
Wu Jian
Xom
Yredelemnul
Zin

Shops:
D:7 *?   D:13 [   D:14 ?[:!   Orc:1 (   Orc:2 *[(:   Snake:1 [   Snake:2 **[

Annotations:
D:13 2 transporters, exclusion: obsidian statue, Dodiz's ghost, journeyman BaFi
D:15 Azrael
Snake:1 1 runed translucent door, Mimusiah's ghost, adept HOFi
Snake:3 Asterion


Message History

You block the Executioner's attack. The Executioner barely misses you.
The Executioner hits you! You block the Executioner's attack. x2
Casting: Iron Shot (dangerous; 3% risk of failure)
Confirm with . or Enter, or press ? or * to list all spells.
You don't have enough magic to cast this spell.
As you read the scroll of teleportation, it crumbles to dust.
You feel strangely unstable. You block the Executioner's attack.
The Executioner hits you but does no damage.
The Executioner barely misses you. The Executioner hits you!
The Executioner hits you but does no damage.
You block the Executioner's attack. Asterion misses you. Asterion gores you!
The Executioner hits you. You block the Executioner's attack.
The Executioner closely misses you. Asterion attacks as you move away!
Asterion hits you but does no damage. Asterion closely misses you.
The Executioner hits you but does no damage.
You block the Executioner's attack. The Executioner barely misses you.
You block the Executioner's attack.
The Executioner hits you but does no damage.
You block the Executioner's attack.
The Executioner attacks as you move away!
You block the Executioner's attack.
The Executioner hits you but does no damage.
You block the Executioner's attack. Asterion attacks as you move away!
Asterion hits you with a +0 heavy morningstar!!
* * * LOW HITPOINT WARNING * * *
You block Asterion's attack. The Executioner hits you!
* * * LOW HITPOINT WARNING * * *
The Executioner hits you but does no damage. x3
You block the Executioner's attack.
The Executioner hits you but does no damage.
You feel much better. The Executioner hits you!
* * * LOW HITPOINT WARNING * * *
You block the Executioner's attack. The Executioner hits you.
* * * LOW HITPOINT WARNING * * *
The Executioner closely misses you. You block the Executioner's attack.
The Executioner hits you but does no damage.
You block Asterion's attack. Asterion gores you but does no damage.
The Executioner hits you!!
You die...

#..>.......#
##.######.##
#..........#
##......##
#..........#
########
#(.....^...#
###).####### #####
#)## ##...## #)#
#######.....## #.#
#....#.H.....# #.#
#.####@1.#...#
#†###.##
#...##.#...
#.##...# #...#
.....
#.##...###...#
#...
#.##.....#...# ...
#.#....###...# ..
#.#....###...#
#.#.....##...#
#####...##...#...#
###


You could see Asterion (fast) and an Executioner (summoned, fast).

Vanquished Creatures
  Nikola (Snake:1)
  Rupert (D:13)
  Kirke (Lair:4)
  Roxanne (D:14)
  A nagaraja (Snake:2)
  Louise (D:15)
  An orc warlord (Orc:1)
  A reaper (IceCv)
  A minotaur (Gauntlet)
  An ettin (Orc:1)
  Snorg (D:12)
  A great orb of eyes (D:15)
  The ghost of pigah the Zephyrmancer, a journeyman OpWn of Gozag (D:8)
  2 vault guards (D:13)
  3 rakshasas
  5 boulder beetles
  4 hydras
  5 anacondas
  A catoblepas (D:15)
  A centaur warrior (D:15)
  3 two-headed ogres
  6 naga warriors
  3 death yaks
  4 naga sharpshooters
  A tengu warrior (D:12)
  4 skysharks
  Nergalle (D:10)
  A shock serpent (Snake:1)
  Sonja (D:12)
  5 orc high priests
  Amaemon (Lair:2)
  4 sea snakes (Snake:2)
  A spectral hydra (Gauntlet)
  3 naga ritualists
  2 lindwurms
  5 wizards
  2 orc knights (Orc:2)
  6 deep elf pyromancers
  An oklob plant (Lair:5)
  2 statues (D:14)
  5 wolf spiders
  2 necromancers (D:13)
  6 orc sorcerers
  2 cyclopes
  5 mana vipers
  18 ugly things
  8 salamanders
  16 elephants
  A manticore (D:15)
  25 black mambas
  2 guardian serpents
  An ice statue (IceCv)
  Maurice (D:12)
  6 naga magi
  2 torpor snails
  4 gargoyles
  24 cane toads
  An orange demon (Lair:2)
  2 kobold demonologists (D:10)
  4 komodo dragons
  An unseen horror (D:11)
  5 rime drakes
  An efreet (D:13)
  2 anaconda simulacra (IceCv)
  4 ice devils
  A tengu conjurer (D:13)
  A polar bear (Lair:2)
  9 trolls
  3 meliai (D:13)
  A troll (shapeshifter) (D:13)
  A merfolk (shapeshifter) (D:15)
  A raiju (shapeshifter) (D:12)
  2 hornets
  21 blink frogs
  A tyrant leech (Lair:4)
  9 dream sheep
  A culicivora (shapeshifter) (D:13)
  7 slime creatures
  2 shadows
  2 hogs (Lair:4)
  A ynoxinul (D:8)
  6 wyverns
  3 wraiths
  64 yaks
  16 humans (D:13)
  2 basilisks
  9 redbacks (D:9)
  9 vampire mosquitoes
  2 death yak simulacra (IceCv)
  A harpy simulacrum (IceCv)
  3 wargs
  A hydra simulacrum (IceCv)
  12 nagas
  2 hell hounds (D:15)
  22 water moccasins
  35 orc warriors
  A sky beast (D:7)
  5 ice beasts
  9 black bears
  10 ogres
  12 wolves
  9 centaurs
  A phantom (D:4)
  3 kobold brigands
  2 gnoll sergeants
  16 bullfrogs
  5 cane toad simulacra
  5 scorpions
  3 two-headed ogre simulacra (IceCv)
  22 killer bees
  2 elephant simulacra (IceCv)
  A howler monkey (D:10)
  5 electric eels
  3 jellies
  21 orc priests
  4 hounds (D:6)
  A gnoll bouda (Lair:2)
  4 iguanas
  A sleepcap (D:5)
  Natasha (thrice) (D:3)
  22 orc wizards
  5 hell rats
  3 polar bear simulacra
  5 spriggan simulacra (IceCv)
  9 troll simulacra
  3 wolf simulacra
  22 gnolls
  3 river rats (Sewer)
  10 adders
  11 naga simulacra
  11 white imps
  8 ufetubi
  7 worms
  A dart slug (D:3)
  68 orcs
  13 endoplasms
  4 giant cockroaches
  11 goblins
  11 hobgoblins
  4 jackals (D:5)
  4 quokkas
  11 ball pythons
  3 bats
  5 frilled lizards
  30 kobolds
  12 rats
932 creatures vanquished.

Vanquished Creatures (others)
  A hell rat (Lair:4)
  78 fungi
  172 plants
  A withered plant (Gauntlet)
252 creatures vanquished.

Grand Total: 1184 creatures vanquished

Notes
Turn   | Place    | Note
-------+----------+-------------------------------------------
     0 | D:1      | cforsyth the Deep Elf Earth Elementalist began the quest
                  | for the Orb.
     0 | D:1      | Reached XP level 1. HP: 10/10 MP: 6/6
   242 | D:1      | Reached XP level 2. HP: 9/15 MP: 1/8
  1087 | D:2      | Reached XP level 3. HP: 19/19 MP: 8/10
  1132 | D:2      | Reached XP level 4. HP: 5/24 MP: 2/12
  1648 | D:2      | Reached skill level 5 in Spellcasting
  2202 | D:3      | Reached skill level 5 in Earth Magic
  2203 | D:3      | Reached XP level 5. HP: 28/28 MP: 8/14
  2501 | D:3      | Noticed Natasha
  2505 | D:3      | Killed Natasha
  2793 | D:3      | Noticed Natasha
  2795 | D:3      | Killed Natasha
  3047 | D:3      | Noticed Natasha
  3054 | D:3      | Killed Natasha
  3524 | D:4      | Reached XP level 6. HP: 32/32 MP: 13/17
  3613 | D:4      | Found a glowing drain.
  3629 | Sewer    | Entered a sewer
  4148 | Sewer    | Reached XP level 7. HP: 36/36 MP: 15/20
  5124 | D:5      | Entered Level 5 of the Dungeon
  5523 | D:5      | Reached XP level 8. HP: 41/41 MP: 19/23
  5593 | D:5      | Found a glowing silver altar of Zin.
  6131 | D:6      | Reached skill level 10 in Spellcasting
  6665 | D:6      | Reached XP level 9. HP: 45/45 MP: 23/26
  7443 | D:7      | Reached skill level 10 in Earth Magic
  7904 | D:7      | Found Elium's Magic Scroll Emporium.
  7945 | D:7      | Found an opulent altar of Gozag.
  8043 | D:7      | Found Oruxinu's Assorted Antiques.
  8142 | D:7      | Found a staircase to the Ecumenical Temple.
  8379 | D:8      | Found a runed translucent door.
  8379 | D:8      | Noticed pigah's ghost (journeyman OpWn)
  8525 | Temple   | Entered the Ecumenical Temple
  8538 | Temple   | Became a worshipper of Vehumet
  8574 | D:7      | Reached XP level 10. HP: 34/50 MP: 22/29
  8783 | D:8      | Found a flagged portal.
  8805 | Bailey   | Entered a bailey
  9022 | Bailey   | Reached * piety under Vehumet
  9022 | Bailey   | Offered knowledge of Magic Dart by Vehumet.
  9182 | Bailey   | Learned a level 3 spell: Stone Arrow
  9487 | D:8      | Noticed a two-headed ogre
  9490 | D:8      | Killed a two-headed ogre
 10054 | D:8      | Found a shadowy altar of Dithmenos.
 10359 | D:9      | Noticed a cyclops
 10362 | D:9      | Killed a cyclops
 10363 | D:9      | Reached skill level 1 in Fighting
 10528 | D:9      | Found a staircase to the Orcish Mines.
 10563 | D:9      | Found the +9 staff of Olgreb {rPois∞}
 10570 | D:9      | Found a runed translucent door.
 10579 | D:9      | Noticed a black mamba
 10580 | D:9      | Found a runed translucent gate.
 10580 | D:9      | Found a runed translucent gate.
 10580 | D:9      | Noticed a black mamba
 10581 | D:9      | Found a runed translucent door.
 10600 | D:9      | Found a runed translucent gate.
 10602 | D:9      | Noticed a wolf spider
 10604 | D:9      | Noticed a wolf spider
 10611 | D:9      | Noticed a wolf spider
 10611 | D:9      | Noticed a wolf spider
 10695 | D:9      | Reached ** piety under Vehumet
 10757 | D:9      | Reached skill level 5 in Dodging
 10764 | D:9      | Offered knowledge of Shock by Vehumet.
 10782 | D:9      | Reached XP level 11. HP: 16/60 MP: 4/31
 11371 | D:10     | Entered Level 10 of the Dungeon
 11420 | D:10     | Found a staircase to the Lair.
 12365 | D:10     | Reached skill level 5 in Fighting
 12467 | D:10     | Noticed Nergalle
 12477 | D:10     | Killed Nergalle
 12976 | D:11     | Noticed a boulder beetle
 13335 | D:11     | Offered knowledge of Poisonous Vapours by Vehumet.
 13363 | D:11     | Noticed a two-headed ogre
 13372 | D:11     | Killed a two-headed ogre
 13618 | D:11     | Reached *** piety under Vehumet
 14216 | D:12     | Noticed a boulder beetle
 14365 | D:12     | Reached skill level 10 in Dodging
 14396 | D:12     | Noticed a deep elf pyromancer
 14475 | D:12     | Killed a deep elf pyromancer
 14716 | D:12     | Noticed a boulder beetle
 14804 | D:8      | Killed pigah's ghost
 14805 | D:8      | Reached XP level 12. HP: 66/72 MP: 7/32
 14926 | D:8      | Got Wumiar's Omnibus of the Fault
 14934 | D:8      | Learned a level 6 spell: Iron Shot
 14940 | D:8      | Learned a level 5 spell: Lee's Rapid Deconstruction
 15100 | D:11     | Killed a boulder beetle
 15388 | Lair:1   | Entered Level 1 of the Lair of Beasts
 15695 | Lair:1   | Identified the +1 mace "Kitro" {pain, rCorr}
 16414 | Lair:2   | Offered knowledge of Olgreb's Toxic Radiance by Vehumet.
 17320 | Lair:2   | Noticed an eight-headed hydra
 17326 | Lair:2   | Killed an eight-headed hydra
 17541 | Lair:2   | Noticed Amaemon
 17555 | Lair:2   | Killed Amaemon
 17652 | Lair:2   | Reached **** piety under Vehumet
 18067 | Lair:2   | Offered knowledge of Kindle Blastsparks by Vehumet.
 18624 | Lair:1   | Reached XP level 13. HP: 80/80 MP: 21/33
 19256 | Lair:2   | Learned a level 5 spell: Borgnjor's Vile Clutch
 19626 | Lair:3   | Found a staircase to the Swamp.
 19654 | Lair:3   | Found a gate leading to a gauntlet.
 19661 | Gauntlet | Entered a Gauntlet
 19661 | Gauntlet | Found a transporter.
 19710 | Gauntlet | Found a transporter.
 19712 | Gauntlet | Found a transporter.
 19723 | Gauntlet | Found a transporter.
 19726 | Gauntlet | Found a transporter.
 19730 | Gauntlet | Found a runed translucent door.
 19732 | Gauntlet | Found a runed translucent door.
 19733 | Gauntlet | Found the +3 pair of seven-league boots {Rampage+∞}
 19734 | Gauntlet | Found a transporter.
 19755 | Gauntlet | Found a transporter.
 19766 | Gauntlet | Found a transporter.
 19778 | Gauntlet | Found a transporter.
 19825 | Gauntlet | Found a transporter.
 19849 | Gauntlet | Found a transporter.
 19859 | Gauntlet | Found a transporter.
 19895 | Gauntlet | Found a transporter.
 19896 | Gauntlet | Found a transporter.
 20019 | Gauntlet | Reached skill level 1 in Necromancy
 20080 | Gauntlet | Identified the +0 robe of Bitterness {rC+}
 20354 | Gauntlet | Identified the ring "Qoesukk" {Contam rC+ Int+6 Dex+4}
 20354 | Gauntlet | Noticed a minotaur
 20361 | Gauntlet | Killed a minotaur
 20362 | Gauntlet | Reached skill level 10 in Fighting
 21197 | Lair:3   | Found a staircase to the Snake Pit.
 22076 | Lair:3   | Reached skill level 15 in Dodging
 23040 | Lair:4   | Noticed Kirke
 23078 | Lair:4   | Killed Kirke
 24283 | Lair:5   | Entered Level 5 of the Lair of Beasts
 24478 | Lair:4   | Reached ***** piety under Vehumet
 24823 | Lair:4   | Offered knowledge of Starburst by Vehumet.
 25909 | Lair:4   | Reached XP level 14. HP: 90/90 MP: 30/34
 29453 | Lair:5   | Found the ring of the Tortoise {AC+8}
 29766 | Lair:5   | Found a staircase to the Slime Pits.
 30366 | Orc:1    | Entered Level 1 of the Orcish Mines
 31215 | Orc:1    | Offered knowledge of Fulminant Prism by Vehumet.
 31468 | Orc:2    | Entered Level 2 of the Orcish Mines
 31800 | Orc:2    | Noticed an orc warlord
 31950 | Orc:1    | Killed an orc warlord
 32303 | Orc:2    | Reached skill level 1 in Conjurations
 32361 | Orc:2    | Found Paegif's Antique Weapon Emporium.
 32512 | Orc:2    | Found Inilimme's General Store.
 32675 | Orc:2    | Found Jaabb's Antique Armour Shop.
 32782 | Orc:2    | Found Bucwauch's Book Boutique.
 32806 | Orc:2    | Found a staircase to the Elven Halls.
 33130 | Orc:1    | Found Cuthastri's Antique Weapon Emporium.
 33468 | D:9      | Reached skill level 15 in Spellcasting
 33484 | D:9      | Reached XP level 15. HP: 97/97 MP: 22/36
 33488 | D:9      | Offered knowledge of Iskenderun's Battlesphere by Vehumet.
 33497 | D:8      | Learned a level 5 spell: Iskenderun's Battlesphere
 33602 | D:9      | Identified the +1 leather armour of Elyvilon's Envy {rF+}
 33763 | Orc:2    | Bought a pair of runed gloves for 150 gold pieces
 33776 | Orc:2    | Bought an embroidered cloak for 150 gold pieces
 33776 | Orc:2    | Bought a runed cloak for 150 gold pieces
 33834 | Orc:1    | Bought a translucent trident for 229 gold pieces
 33834 | Orc:1    | Identified the +2 trident "Lettaeh" {holy, Dex+4} (You
                  | bought it in a shop on level 1 of the Orcish Mines)
 34125 | D:12     | Noticed Maurice
 34140 | D:12     | Killed Maurice
 34470 | D:12     | Noticed Sonja
 34474 | D:12     | Killed Sonja
 34740 | D:12     | Noticed Snorg
 34745 | D:12     | Killed Snorg
 35255 | D:13     | Found a transporter.
 35257 | D:13     | Found a transporter.
 35271 | D:13     | Found Folutam's Antique Armour Boutique.
 35275 | D:13     | Noticed Dodiz's ghost (journeyman BaFi)
 35279 | D:13     | Bought a glowing helmet for 270 gold pieces
 35308 | D:13     | Found a frozen archway.
 35347 | IceCv    | Entered an ice cave
 35501 | IceCv    | Offered knowledge of Arcjolt by Vehumet.
 35634 | IceCv    | Reached skill level 5 in Conjurations
 35932 | IceCv    | Identified the amulet of Gywnal Avam {Spirit rF++ Str+3
                  | Int+2}
 36012 | IceCv    | Identified the +0 pair of boots of Fortitude {Str+2}
 36187 | D:13     | Noticed Rupert
 36192 | D:13     | Killed Rupert
 36893 | D:13     | Reached ****** piety under Vehumet
 36923 | D:13     | Found a gate to the Vaults.
 37000 | D:14     | Found Mallunyca's Magic Scroll Emporium.
 37002 | D:14     | Bought a scroll of magic mapping for 97 gold pieces
 37025 | D:14     | Offered knowledge of Ozocubu's Refrigeration by Vehumet.
 37208 | D:14     | Noticed Roxanne
 37281 | D:14     | Identified the +1 robe "Saostiez" {Str+3 Dex+3}
 37327 | D:14     | Found Onunenadoh's Armour Emporium.
 37339 | D:14     | Found Hailocusch's Book Shoppe.
 37554 | D:14     | Found Ahuoxoz's Distillery.
 37800 | D:14     | Killed Roxanne
 37946 | D:15     | Entered Level 15 of the Dungeon
 38571 | D:15     | Reached XP level 16. HP: 98/103 MP: 19/39
 38934 | D:15     | Noticed Azrael
 38985 | D:15     | Found a hazy altar of Hepliaklqana.
 39453 | D:15     | Noticed Louise
 39465 | D:15     | Killed Louise
 39466 | D:15     | Reached skill level 15 in Earth Magic
 39747 | D:15     | Reached skill level 1 in Shields
 39973 | D:15     | Found a staircase to the Depths.
 40202 | Snake:1  | Entered Level 1 of the Snake Pit
 40456 | Snake:1  | Found Wacsot's Armour Shoppe.
 40509 | Snake:1  | Found a runed translucent door.
 40511 | Snake:1  | Noticed Mimusiah's ghost (adept HOFi)
 40840 | Snake:1  | Noticed Nikola
 40846 | Snake:1  | Killed Nikola
 41133 | Snake:1  | Reached skill level 10 in Conjurations
 41684 | Snake:2  | Reached skill level 5 in Shields
 41796 | Snake:2  | Found Saen's Armour Shoppe.
 41800 | Snake:2  | Found Jalefoso's General Store.
 41801 | Snake:2  | Found Tun Ceak's Assorted Antiques.
 41809 | Snake:2  | Bought a shimmering scale mail for 252 gold pieces
 41809 | Snake:2  | Identified the +1 scale mail "Heuh Bodeph" {Harm Drain
                  | Regen+ Str+4} (You bought it in a shop on level 2 of the
                  | Snake Pit)
 41809 | Snake:2  | Bought a scroll labelled LYCSYM QIEL for 28 gold pieces
 41992 | Snake:2  | Offered knowledge of Yara's Violent Unravelling by Vehumet.
 41999 | Snake:2  | Learned a level 5 spell: Yara's Violent Unravelling
 42982 | Snake:3  | Noticed Asterion
 42988 | Snake:3  | Noticed an Executioner
 42993 | Snake:3  | HP: 5/103 [Executioner[Asterion] (14)]
 42994 | Snake:3  | Slain by an Executioner

Illustrated notes

Levels and vault maps discovered:
D:1:      minmay_arrival_radiant_lines, layout_loops_corners, st_stairs_9,
          minmay_crystal_room, hangedman_decor_points, hangedman_feature_mirror
D:2:      layout_loops_ring, minmay_pentomino_r4
D:3:      layout_loops_cross, uniq_natasha
D:4:      layout_gridville, cheibrodos_sewer_entry_bend
D:5:      layout_cave_pools, mainiacjoe_overflow_alcove_1,
          corexii_item_surrounded_by_moat
D:6:      layout_layer_cave, nrook_loot_triangle
D:7:      layout_cave_pools, mainiacjoe_overflow_surrounded_room,
          minmay_temple_entry_from_below_a, serial_shops,
          nicolae_lakefront_shop, nicolae_diamond_shop
D:8:      layout_loops_corners, mainiacjoe_overflow_24_doors, enter_bailey_5,
          hellmonk_ghost_big_iron, kennysheep_small_circle
D:9:      kennysheep_blocky_hall, layout_loops_ring, orc_0_dummy,
          minmay_misc_feat_doors, minmay_guarded_unrand_staff_of_olgreb
D:10:     layout_gridville, minmay_lair_entry_grove, uniq_nergalle
D:11:     layout_long_grid
D:12:     layout_basic, uniq_maurice, uniq_sonja, uniq_snorg
D:13:     layout_basic, grunt_vaults_entry_tiered, nzn_ghost_randoct,
          serial_shops, shop, portal_ice_cave_entry_ice_simulacra, uniq_rupert
D:14:     layout_rooms, serial_shops, shop_coins, shop, shop,
          nicolae_shop_competitors_out_of_business, nicolae_benzene_ring,
          minmay_dual_archer_statues, uniq_roxanne
D:15:     gammafunk_enter_depths_forms, layout_long_grid,
          nicolae_hepliaklqana_hippocampus, uniq_louise, uniq_azrael
Temple:   compressed_dpeg_triangle_lava_temple
Lair:1:   layout_small_grid
Lair:2:   cheibrodos_lair_overgrown_chateau, layout_misc_corridors,
          dreamdust_gnoll_shepherd, lemuel_fruit_tree, uniq_amaemon
Lair:3:   layout_cave_pods, swamp_mist, dummy_snake_entry,
          gauntlet_entry_generic, serial_bayou_shore_b
Lair:4:   layout_layer_cave, uniq_kirke
Lair:5:   minmay_lair_end_frog_pond, layout_misc_corridors, slime_entry_1
Snake:1:  layout_misc_corridors, ebering_ghost_inner_flame, serial_shops,
          nicolae_take_the_stairs, uniq_nikola
Snake:2:  layout_basic, minmay_shop_star
Snake:3:  layout_rooms, nicolae_coiled_stairwell_down, serial_bayou_shore_a,
          nicolae_triple_integral, uniq_asterion
Orc:1:    layout_caves, serial_shops, shop, minmay_orc_temple_c
Orc:2:    grunt_orc_gardens, layout_caves, grunt_orc_garden, grunt_orc_garden,
          grunt_orc_garden, grunt_orc_garden

Skill      XL: |  1  2  3  4  5  6  7  8  9 10 11 12 13 14 15 16 |
---------------+-------------------------------------------------+-----
Spellcasting   | 4 5 6 7 9 11 13 14 15 17 | 17.4
Earth Magic    | 4 5 6 8 9 11 12 14 15 | 15.0
Fighting       | 3 7 9 11 12 | 12.8
Dodging        | 5 10 13 15 17 | 17.9
Necromancy     | 4 |  4.0
Conjurations   | 2 7 11 | 11.7
Shields        | 6 |  6.2
Stealth        | |  2.4
Transmutations | |  1.1

Action                     |  1- 3 |  4- 6 |  7- 9 | 10-12 | 13-15 | 16-18 || total
---------------------------+-------+-------+-------+-------+-------+-------++-------
  Melee: Unarmed           |       |       |       |     4 |       |       ||     4
         Mace              |       |       |       |     1 |     8 |       ||     9
         Staff             |       |       |       |       |       |    12 ||    12
   Cast: Sandblast         |    34 |   116 |   184 |   295 |    10 |     1 ||   640
         Stone Arrow       |       |       |       |   205 |   892 |   140 ||  1237
         Iron Shot         |       |       |       |     8 |   106 |    50 ||   164
         Borgnjor's Vile C |       |       |       |       |    72 |    93 ||   165
    Use: Scroll            |       |    11 |     6 |     2 |    12 |     3 ||    34
         Potion            |       |       |     1 |       |     9 |     1 ||    11
 Armour: Robe              |       |     5 |    10 |    43 |       |       ||    58
         Troll leather arm |       |       |       |     6 |       |       ||     6
         Leather armour    |       |       |       |    27 |   152 |    56 ||   235
  Dodge: Dodged            |     4 |    17 |    54 |   343 |   621 |   109 ||  1148
  Block: Other             |       |     2 |    17 |    95 |    88 |       ||   202
         Reflection        |       |       |       |    10 |     1 |     6 ||    17
         Tower shield      |       |       |       |       |       |    97 ||    97

Table legend: (Time is in decaauts)
 A = Elapsed time spent in this place.
 B = Non-inter-level travel time spent in this place.
 C = Inter-level travel time spent in this place.
 D = Time resting spent in this place.
 E = Time spent auto-exploring this place.
 F = Levels seen in this place.
 G = Mean time per level.
                   A        B        C        D        E       F      G
               +--------+--------+--------+--------+--------+-----+--------+
         Total |  43558 |  41924 |   1634 |  11893 |  22498 |  30 | 1451.9 |
       Dungeon |  20202 |  19356 |    846 |   3637 |  12115 |  15 | 1346.8 |
        Temple |     26 |     13 |     13 |      0 |      5 |   1 |   26.0 |
          Lair |  14259 |  13784 |    475 |   6880 |   5213 |   5 | 2851.8 |
     Snake Pit |   2799 |   2732 |     67 |    382 |   1791 |   3 |  933.0 |
  Orcish Mines |   3172 |   2940 |    232 |    539 |   1809 |   2 | 1586.0 |
         Sewer |    854 |    854 |      0 |      0 |    679 |   1 |  854.0 |
        Bailey |    673 |    673 |      0 |    209 |    190 |   1 |  673.0 |
      Ice Cave |    761 |    761 |      0 |     22 |    456 |   1 |  761.0 |
      Gauntlet |    808 |    808 |      0 |    223 |    239 |   1 |  808.0 |
               +--------+--------+--------+--------+--------+-----+--------+

Top non-repeatable levels by time:
  Lair:4: 5927 daAuts
  Lair:2: 2690 daAuts
  Lair:1: 2086 daAuts
  Lair:3: 1980 daAuts
    D:11: 1957 daAuts
   Orc:1: 1911 daAuts
     D:6: 1811 daAuts
    D:15: 1654 daAuts
     D:9: 1646 daAuts
  Lair:5: 1575 daAuts
    D:12: 1566 daAuts
    D:10: 1556 daAuts
     D:3: 1475 daAuts
     D:8: 1463 daAuts
    D:14: 1294 daAuts
